 Dungeon Crawl Stone Soup version 0.23.2-33-g5129a83 (webtiles) character file.

Game seed: 7737160559403747238

606 DinnerBoy7 the Transmogrifier (level 7, -1/45 HPs)
             Began as an Octopode Transmuter on July 29, 2019.
             Slain by a hound (2 damage)
             ... on level 6 of the Dungeon.
             The game lasted 00:20:30 (4403 turns).

DinnerBoy7 the Transmogrifier (Octopode Transmuter) Turns: 4403, Time: 00:20:30

Health: -1/45      AC:  1    Str:  9    XL:     7   Next: 42%
Magic:  20/20      EV: 14    Int: 17    God:
Gold:   283        SH:  0    Dex: 13    Spells: 3/12 levels left

rFire    . . .     SeeInvis .     - Unarmed
rCold    . . .     Gourm    .   (no shield)
rNeg     . . .     Faith    .   (helmet restricted)
rPois    .         Spirit   .   i - amulet of regeneration
rElec    .         Reflect  .   j - ring of magical power
rCorr    .         Harm     .   l - ring of stealth
MR       .....                  (no ring)
Stlth    +++.......             (no ring)
HPRegen  0.55/turn              (no ring)
MPRegen  0.17/turn              (no ring)
                                (no ring)
                                (no ring)

@: no status effects
A: almost no armour, stealthy swim, amphibious, 8 rings, constrict 8, camouflage
1, gelatinous body 1
a: no special abilities


You were on level 6 of the Dungeon.
You were near starving.

You visited 2 branches of the dungeon, and saw 7 of its levels.

You collected 283 gold pieces.

Inventory:

Missiles
 a - 70 arrows
Armour
 o - a scarf of resistance
 r - a +0 cloak
Jewellery
 i - an amulet of regeneration (around mantle)
 j - a ring of magical power (left tentacle)
 l - a ring of stealth (right tentacle)
 p - an uncursed ring of protection from fire {unknown}
Wands
 n - a wand of polymorph (8)
Scrolls
 e - a scroll of blinking {unknown}
 g - 4 scrolls of remove curse
 k - a scroll of amnesia
Potions
 b - 2 potions of haste
 d - a potion of might
 f - 2 potions of curing
 m - a potion of heal wounds {unknown}
Comestibles
 c - 9 rations


   Skills:
 + Level 2.7 Fighting
 + Level 3.2 Dodging
 + Level 4.0 Unarmed Combat
 + Level 3.0 Spellcasting
 - Level 11.4 Transmutations
 + Level 1.6 Poison Magic
 + Level 0.5 Evocations


You had 3 spell levels left.
You knew the following spells:

 Your Spells              Type           Power        Failure   Level  Hunger
a - Beastly Appendage     Tmut           #####.       1%          1    None
b - Blade Hands           Tmut           #####.....   4%          5    ######.
c - Spider Form           Tmut/Pois      ###.......   3%          3    ###....

Your spell library contained the following spells:

 Spells                   Type           Power        Failure   Level  Hunger
 Sticks to Snakes         Tmut           #####...     1%          2    ##.....
 Ice Form                 Ice/Tmut       ###.....     17%         4    ####...


Dungeon Overview and Level Annotations

Branches:
Dungeon (7/15)             Temple (1/1) D:4

Altars:
Ashenzari
Dithmenos
Elyvilon
Fedhas
Gozag
Hepliaklqana
Kikubaaqudgha
Makhleb
Okawaru
Qazlal
Ru
Vehumet
Wu Jian
Xom
Zin
The Shining One


Innate Abilities, Weirdness & Mutations

You cannot wear most types of armour.
You are very stealthy in the water. (Stealth+)
You are amphibious.
You can wear up to eight rings at the same time.
You can use your tentacles to constrict eight enemies at once.
Your skin changes colour to match your surroundings (Stealth+).
Your rubbery body absorbs attacks. (AC +1, EV +1)


Message History

The orc wizard blinks!
The crimson imp blinks!
The orc wizard gestures wildly while chanting.
The orc wizard blinks!
The orc priest invokes the aid of Beogh against you.
Beogh smites you!
You see here a +0 trident of flaming.
The orc wizard casts a spell.
The orc wizard blinks!
The orc wizard casts a spell.
The orc wizard blinks!
There is a stone staircase leading up, spattered with blood here.
The orc wizard gestures wildly while chanting.
The orc wizard blinks!
The orc priest hits you but does no damage.
You climb upwards.
The orc shouts!
The yak gores you!
* * * LOW HITPOINT WARNING * * *
The ogre misses you. The hound bites you.
You die...

...#. .# ?....
.. #....# .#
#..... ..
..o.###. .
.###..... ##..#
........#.....#
#..Y@....#
##.ohO......
.....#..##.#.
....... .$#
....... ..#
....... ...
.o....Y .##.
....... .. #.


You could see 2 yaks, an ogre, a hound, 2 orc priests and an orc.

Vanquished Creatures
  An orc warrior (D:7)
  3 hounds
  Natasha (thrice) (D:2)
  An iguana (D:2)
  13 adders
  An ooze (D:2)
  An adder skeleton (D:4)
  3 worms (D:2)
  2 dart slugs
  5 leopard geckos
  6 orcs
  A ball python (D:2)
  6 giant cockroaches
  3 goblins
  7 hobgoblins
  13 jackals
  2 quokkas
  5 bats
  8 frilled lizards
  3 kobolds
87 creatures vanquished.

Notes
Turn   | Place    | Note
-------+----------+-------------------------------------------
     0 | D:1      | DinnerBoy7 the Octopode Transmuter began the quest for the
                  | Orb.
     0 | D:1      | Reached XP level 1. HP: 13/13 MP: 3/3
    25 | D:1      | Reached XP level 2. HP: 5/18 MP: 5/5
   825 | D:1      | Learned a level 2 spell: Sticks to Snakes
  1266 | D:1      | Reached XP level 3. HP: 8/23 MP: 4/6
  1433 | D:2      | Learned a level 3 spell: Spider Form
  1551 | D:2      | Reached XP level 4. HP: 15/29 MP: 7/7
  1783 | D:2      | Noticed Natasha
  1806 | D:2      | HP: 1/29 [Natasha (9)]
  1808 | D:2      | Reached skill level 11 in Transmutations
  1808 | D:2      | Reached XP level 5. HP: 1/34 MP: 8/8
  1811 | D:2      | Killed Natasha
  1811 | D:2      | Reached XP level 6. HP: 3/39 MP: 10/10
  1959 | D:2      | Noticed Natasha
  2190 | D:2      | Killed Natasha
  2260 | D:2      | Noticed Natasha
  2265 | D:2      | Killed Natasha
  2394 | D:3      | Learned a level 5 spell: Blade Hands
  2534 | D:3      | Found a burning altar of Makhleb.
  3043 | D:3      | Reached skill level 1 in Poison Magic
  3370 | D:3      | Reached XP level 7. HP: 30/45 MP: 11/11
  3447 | D:4      | Found a staircase to the Ecumenical Temple.
  3463 | Temple   | Entered the Ecumenical Temple
  3802 | D:4      | Found a glowing golden altar of the Shining One.
  4336 | D:4      | You fall through a shaft for 3 floors!
  4381 | D:6      | Noticed a yak
  4381 | D:6      | Noticed a yak
  4381 | D:6      | Noticed a yak
  4403 | D:6      | HP: 1/45 [yak (17)]
  4403 | D:6      | Slain by a hound

Skill      XL: |  1  2  3  4  5  6  7 |
---------------+----------------------+-----
Fighting       | 2 |  2.7
Transmutations | 11 | 11.4
Dodging        | 3 |  3.2
Poison Magic   | 1 |  1.6
Spellcasting   | 3 |  3.0
Unarmed Combat | 4 |  4.0
Evocations     | |  0.5

Action                   |  1- 3 |  4- 6 |  7- 9 || total
-------------------------+-------+-------+-------++-------
Melee: Unarmed           |    67 |   118 |    24 ||   209
       Constrict         |    17 |    11 |     5 ||    33
       Kick              |     7 |     8 |     2 ||    17
       Tentacles         |     7 |     8 |     2 ||    17
       Punch             |       |     1 |       ||     1
 Cast: Beastly Appendage |    14 |     5 |     1 ||    20
       Spider Form       |     2 |    15 |     1 ||    18
       Blade Hands       |       |     6 |     5 ||    11
  Use: Potion            |       |     3 |       ||     3
       Scroll            |       |     9 |     3 ||    12
 Stab: Sleeping          |       |     2 |       ||     2
  Eat: Chunk             |     2 |     8 |     2 ||    12
       Ration            |       |     1 |       ||     1
Armor: Skin              |     3 |     3 |     4 ||    10
Dodge: Dodged            |    71 |   115 |    29 ||   215
